 Dungeon Crawl Stone Soup version 0.23.1 (webtiles) character file.

Game seed: 11368443078168395721

3254 PikkenKukken the Cleaver (level 10, -1/77 HPs)
             Began as a Formicid Abyssal Knight on Mar 11, 2019.
             Was an Elder of Lugonu.
             Slain by a wyvern (11 damage)
             ... on level 8 of the Dungeon.
             The game lasted 00:27:23 (10330 turns).

PikkenKukken the Cleaver (Formicid Abyssal Knight) Turns: 10330, Time: 00:27:24

Health: -1/77      AC: 21    Str: 23    XL:     10   Next: 19%
Magic:  15/15      EV:  9    Int: 17    God:    Lugonu [****..]
Gold:   199        SH:  0    Dex: 14    Spells: 9/9 levels left

rFire    . . .     SeeInvis +   t - +0 war axe
rCold    . . .     Gourm    .   (no shield)
rNeg     . . .     Faith    .   o - +5 plate armour "Vurojy" {Str+4 Int+4}
rPois    .         Spirit   .   (helmet unavailable)
rElec    .         Reflect  .   (no cloak)
rCorr    .         Harm     .   (no gloves)
MR       +....                  (no boots)
Stlth    ..........             (no amulet)
HPRegen  0.22/turn              k - +4 ring of dexterity
MPRegen  0.14/turn              d - +4 ring of protection

@: no status effects
A: permanent stasis, dig shafts and tunnels, four strong arms, antennae 3
a: Dig, Shaft Self, Depart the Abyss, Bend Space, Banish, Corrupt, Renounce
Religion


You were on level 8 of the Dungeon.
You worshipped Lugonu.
Lugonu was greatly pleased with you.
You were hungry.

You visited 1 branch of the dungeon, and saw 8 of its levels.
You visited the Abyss 1 time.

You collected 286 gold pieces.
You spent 87 gold pieces at shops.

Inventory:

Hand Weapons
 a - a +1 hand axe
 t - a +0 war axe (weapon)
Armour
 m - a +1 ring mail
 o - the +5 plate armour "Vurojy" (worn) {Str+4 Int+4}
   (You found it on level 4 of the Dungeon)

   It affects your strength (+4).
   It affects your intelligence (+4).
Jewellery
 d - a +4 ring of protection (right hand)
 g - an uncursed ring of fire
 k - a +4 ring of dexterity (left hand)
 p - an uncursed ring of protection from magic
 y - an uncursed ring of resist corrosion
Wands
 w - a wand of disintegration (11)
Scrolls
 e - a scroll of immolation
 n - 2 scrolls of remove curse
 v - 2 scrolls of amnesia
 A - a scroll of identify
Potions
 b - a potion of lignification {unknown}
 f - 3 potions of haste {unknown}
 h - a potion of heal wounds {unknown}
 i - 2 potions of magic
 j - a potion of agility {unknown}
 l - a potion of might
 q - 2 potions of flight {unknown}
 r - a potion of invisibility {unknown}
 s - 2 potions of mutation {unknown}
 u - a potion of curing {unknown}
 z - a potion of degeneration {unknown}
Comestibles
 c - 14 rations


   Skills:
 + Level 6.8 Fighting
 * Level 8.1 Axes
 + Level 6.3 Armour
 + Level 4.9 Dodging
 + Level 7.0 Invocations
 + Level 2.1 Evocations


You had 9 spell levels left.
You didn't know any spells.
Your spell library was empty.

Dungeon Overview and Level Annotations

Branches:
Dungeon (8/15)             Temple (0/1) D:7
   Lair: D:8-11

Altars:
Cheibriados
Elyvilon
Nemelex Xobeh
Sif Muna
Trog
Vehumet
Yredelemnul

Shops:
D:4 *[   D:5 [((

Annotations:
D:4 Grinder


Innate Abilities, Weirdness & Mutations

You cannot be hasted, slowed, berserked, paralysed or teleported.
You can dig through walls and to a lower floor.
Your four strong arms can wield two-handed weapons with a shield.
You have a pair of large antennae on your head. (SInv)


Message History

The troll bites you but does no damage. The troll claws you!
The troll claws you but does no damage.
The wyvern bites you but does no damage.
You hit the wyvern.
The wyvern is almost dead.
You slash the troll! The troll bites you but does no damage.
The troll closely misses you. The troll claws you but does no damage.
The wyvern misses you.
You hit the wyvern.
The wyvern is almost dead.
You barely miss the troll. The wyvern bites you.
The troll bites you but does no damage. The troll claws you!
* * * LOW HITPOINT WARNING * * *
The troll claws you but does no damage. The wyvern bites you.
* * * LOW HITPOINT WARNING * * *
The troll bites you but does no damage. The troll claws you.
* * * LOW HITPOINT WARNING * * *
The troll claws you but does no damage. The wyvern bites you!
You die...

*#.....†[..............,,,* *,,,
#.....................,,,* *,,,
*#.....................,,,* ****
,................######.,********
*##.....................,,,,,,,,,
,*#.......######.#######,*,,*****
,*######.## #..Tl#,,∩,,*,*,,*****
,,,,,,...####+##l#,,,,,*,*,,,,,**
,*****..,.......@#,*,*,*,*,***,**
,* *,,,........#{*,*{*,*,* *,*,
,*****,,,........#**,***,*,***,**
,,,,,,,,,.........,,,,,,,*,,,,,**
,**,,,,,,........#*,,***,*******,
,**,,,,,,####.....,,,* *,* *,*
,*,,,,,,,* #.####**,***,* **,
**,,,,**** #.*,,,,*,,**,* **
*,,,,* *,,,,,,,,,**,* *


You could see a troll, a wyvern and an iguana.

Vanquished Creatures
  Harold (D:8)
  Duvessa (D:7)
  An ice beast (D:5)
  3 sky beasts
  2 ogres
  A necrophage (D:6)
  2 centaurs (D:7)
  A big kobold (D:7)
  A bullfrog (D:7)
  Dowan (D:7)
  3 scorpions
  A howler monkey (D:6)
  A quasit (D:7)
  2 hounds
  A centaur zombie (D:8)
  4 crimson imps
  A jelly (D:6)
  A bullfrog zombie (D:6)
  A centaur skeleton (D:4)
  A bullfrog skeleton (D:5)
  6 orc priests
  Jessica (D:3)
  2 iguanas
  8 orc wizards
  5 worker ants
  A killer bee zombie (D:5)
  A hound skeleton (D:5)
  Robin (D:4)
  A howler monkey zombie (D:7)
  5 gnolls
  A howler monkey skeleton (D:7)
  11 adders
  2 shadow imps (D:7)
  An ooze (D:1)
  2 worms
  4 dart slugs
  4 leopard geckos
  31 orcs
  A ball python (D:2)
  4 giant cockroaches
  19 goblins
  13 hobgoblins
  3 jackals
  10 kobolds
  5 quokkas
  6 bats
  4 frilled lizards
  3 rats
  A spectral orc (D:6)
186 creatures vanquished.

Notes
Turn   | Place    | Note
-------+----------+-------------------------------------------
     0 | Abyss:1  | PikkenKukken the Formicid Abyssal Knight began the quest
                  | for the Orb.
     0 | Abyss:1  | Reached XP level 1. HP: 18/18 MP: 2/2
    22 | Abyss:1  | Found a stormy altar of Qazlal.
    39 | Abyss:1  | Noticed a thrashing horror
    40 | D:1      | Escaped the Abyss
   163 | D:1      | Reached skill level 1 in Dodging
   286 | D:1      | Reached * piety under Lugonu
   444 | D:1      | Reached XP level 2. HP: 21/24 MP: 3/3
   534 | D:1      | Reached XP level 3. HP: 5/29 MP: 4/4
  1526 | D:1      | Reached XP level 4. HP: 30/36 MP: 6/6
  1863 | D:2      | Reached skill level 3 in Axes
  1981 | D:2      | Found a bloodstained altar of Trog.
  2018 | D:2      | Reached ** piety under Lugonu
  2885 | D:2      | Reached XP level 5. HP: 42/42 MP: 7/7
  3190 | D:3      | Found a snail-covered altar of Cheibriados.
  3556 | D:3      | Reached XP level 6. HP: 48/48 MP: 8/8
  3601 | D:3      | Noticed Jessica
  3609 | D:3      | Killed Jessica
  3823 | D:3      | Reached skill level 4 in Axes
  4157 | D:4      | Noticed Grinder
  4545 | D:3      | Reached XP level 7. HP: 50/55 MP: 9/9
  4684 | D:4      | Got a steaming plate armour
  4704 | D:3      | Identified the +5 plate armour "Vurojy" {Str+4 Int+4} (You
                  | found it on level 4 of the Dungeon)
  4958 | D:4      | Found Gafesh's Armour Shoppe.
  5474 | D:4      | Noticed Robin
  5502 | D:4      | Killed Robin
  5886 | D:4      | Found Gim Miwi's General Store.
  6125 | D:5      | Entered Level 5 of the Dungeon
  6136 | D:5      | Found Pasecem's Armour Boutique.
  6813 | D:5      | Reached skill level 5 in Axes
  6892 | D:5      | Reached skill level 5 in Fighting
  6892 | D:5      | Reached XP level 8. HP: 11/62 MP: 11/11
  7137 | D:5      | Found Bocee's Antique Weapon Shop.
  7151 | D:5      | Bought a war axe for 87 gold pieces
  7180 | D:5      | Found Ikhlesye's Antique Weapon Emporium.
  7367 | D:5      | Reached *** piety under Lugonu
  7956 | D:6      | Reached skill level 5 in Invocations
  8240 | D:6      | Reached skill level 6 in Axes
  8362 | D:6      | Found a deep blue altar of Sif Muna.
  8409 | D:6      | Found a white marble altar of Elyvilon.
  8490 | D:6      | Found a sparkling altar of Nemelex Xobeh.
  8624 | D:6      | Found a basalt altar of Yredelemnul.
  8799 | D:7      | Reached skill level 5 in Armour
  8799 | D:7      | Reached XP level 9. HP: 68/69 MP: 13/13
  8801 | D:7      | Found a radiant altar of Vehumet.
  9004 | D:7      | Found a staircase to the Ecumenical Temple.
  9079 | D:7      | Reached **** piety under Lugonu
  9188 | D:6      | Reached skill level 7 in Axes
  9798 | D:7      | Noticed Dowan
  9834 | D:7      | Killed Dowan
  9858 | D:7      | Noticed Duvessa
  9871 | D:7      | Killed Duvessa
 10109 | D:8      | Noticed Harold
 10122 | D:8      | Killed Harold
 10122 | D:8      | Reached skill level 8 in Axes
 10122 | D:8      | Reached XP level 10. HP: 41/77 MP: 13/15
 10330 | D:8      | Slain by a wyvern

Skill      XL: |  1  2  3  4  5  6  7  8  9 |
---------------+----------------------------+-----
Dodging        | 1 2 3 4 |  4.9
Axes           | 3 4 5 6 8 |  8.1
Invocations    | 3 4 5 7 |  7.0
Armour         | 3 4 5 6 |  6.3
Fighting       | 4 5 6 |  6.8
Evocations     | 2 |  2.1

Action                   |  1- 3 |  4- 6 |  7- 9 | 10-12 || total
-------------------------+-------+-------+-------+-------++-------
Melee: Hand axe          |   100 |   184 |   184 |       ||   468
       War axe           |       |       |   316 |    19 ||   335
Throw: Tomahawk          |       |     6 |       |       ||     6
Invok: Depart the Abyss  |     1 |       |       |       ||     1
       Bend Space        |       |       |     3 |       ||     3
 Abil: Dig               |       |       |    14 |       ||    14
  Use: Scroll            |       |     9 |     1 |       ||    10
       Potion            |       |       |     2 |       ||     2
  Eat: Chunk             |     2 |     9 |    20 |       ||    31
Armor: Leather armour    |    31 |     4 |       |       ||    35
       Ring mail         |       |    76 |     1 |       ||    77
       Plate armour      |       |       |   318 |    22 ||   340
Dodge: Dodged            |    51 |    94 |   203 |    21 ||   369
